 Dungeon Crawl Stone Soup version 0.26-a0-72-g09a6a6ccbd (webtiles) character file.

Game seed: 16423131825647643667

27449 Ezendos the Peltast (level 13, 0/104 HPs)
             Began as a Barachi Artificer on June 13, 2020.
             Was a High Priest of Trog.
             Slain by a 12-headed hydra (11 damage)
             ... on level 4 of the Lair of Beasts on June 15, 2020.
             The game lasted 01:13:46 (22843 turns).

Ezendos the Peltast (Barachi Artificer)            Turns: 22843, Time: 01:13:47

Health: 0/104      AC: 12    Str: 18    XL:     13   Next: 32%
Magic:  19/19      EV: 10    Int: 12    God:    Trog [*****.]
Gold:   688        SH: 19    Dex: 13    Spells: 12/12 levels left

rFire    + + .     SeeInvis .   w - +4 war axe (freeze)
rCold    . . .     Gourm    .   z - +1 kite shield
rNeg     . . .     Faith    .   O - +1 chain mail {rF+}
rPois    +         Spirit   .   (no helmet)
rElec    +         Reflect  +   g - +0 cloak {rCorr}
rCorr    +         Harm     .   (no gloves)
MR       ++...                  (no boots)
Stlth    ..........             B - amulet of reflection
HPRegen  0.27/turn              A - ring of protection from fire
MPRegen  0.16/turn              h - ring of the Jester {rElec rPois MR++}

@: berserk cooldown, slowed, very slow
A: +LOS, swims, slowness 1, strong legs 2
a: Hop, Berserk, Trog's Hand, Brothers in Arms, Renounce Religion


You were on level 4 of the Lair of Beasts.
You worshipped Trog.
Trog was extremely pleased with you.
You were not hungry.

You visited 2 branches of the dungeon, and saw 16 of its levels.
You also visited: Gauntlet.

You collected 939 gold pieces.
You spent 251 gold pieces at shops.

Inventory:

Hand Weapons
 a - a +8 broad axe
 s - a +0 fustibalus
 w - a +4 war axe of freezing (weapon)
 N - a +4 hunting sling of freezing
Missiles
 t - 138 sling bullets
 D - 19 javelins
 S - 22 poisoned darts (quivered)
Armour
 g - a +0 cloak of preservation (worn)
 z - a +1 kite shield (worn)
 O - a +1 chain mail of fire resistance (worn)
Jewellery
 h - the ring of the Jester (right hand) {rElec rPois MR++}
   (You found it in a Gauntlet)

   [ring of poison resistance]

   It insulates you from electricity.
   It protects you from poison.
   It affects your resistance to hostile enchantments.
 m - the macabre finger necklace {rN+}
   (You found it on level 4 of the Lair of Beasts)

   [amulet of nothing]

   It protects you from negative energy.
 n - the amulet of Mirth {rC- MR+ Regen+ Stlth+}
   (You took it off a minotaur in a Gauntlet)

   [amulet of regeneration]

   It makes you vulnerable to cold.
   It affects your resistance to hostile enchantments.
   It increases your rate of regeneration.
   It makes you more stealthy.
 x - an uncursed ring of protection from fire
 A - a ring of protection from fire (left hand)
 B - an amulet of reflection (around neck)
Wands
 c - a wand of flame (17)
 e - a wand of random effects (7)
 f - a wand of enslavement (11)
 j - a wand of disintegration (34)
 C - a wand of paralysis (8)
 F - a wand of polymorph (47)
 H - a wand of clouds (5)
 L - a wand of iceblast (6)
 M - a wand of digging (4)
Scrolls
 b - 8 scrolls of enchant armour
 i - 17 scrolls of remove curse
 k - a scroll of teleportation
 q - a scroll of fear
 y - a scroll of identify
 K - a scroll of blinking
 P - a scroll of fog
 U - a scroll of immolation
 Y - 5 scrolls of magic mapping
Potions
 l - 13 potions of curing
 o - 2 potions of invisibility
 p - 3 potions of heal wounds
 u - a potion of flight
 v - 2 potions of lignification
 E - a potion of stabbing
 I - 3 potions of mutation
 J - a potion of haste
Miscellaneous
 G - a phantom mirror
 Q - a box of beasts
Comestibles
 d - 12 rations


   Skills:
 - Level 10.5 Fighting
   Level 1.1 Short Blades
 + Level 11.1 Axes
 - Level 6.0 Armour
 - Level 6.0 Dodging
 - Level 0.8 Stealth
 - Level 15.0 Shields
 - Level 9.1 Evocations


You had 12 spell levels left.
You didn't know any spells.
Your spell library was empty.

Dungeon Overview and Level Annotations

Branches:
Dungeon (12/15)            Temple (0/1) D:7            Lair (4/6) D:11
 Shoals (0/4) Lair:3       Spider (0/4) Lair:2          Orc (0/2) D:10
Gauntlet (visited)

Altars:
Elyvilon
Hepliaklqana
Kikubaaqudgha
Nemelex Xobeh
Trog
Yredelemnul
The Shining One

Shops:
D:4 *

Annotations:
D:5 2 transporters
D:8 1 runed translucent door
Lair:2 exclusion: oklob plant


Innate Abilities, Weirdness & Mutations

You can be seen from farther away. (+LOS)
You can swim through water.
You cover ground slowly.
You can hop long distances.


Message History

* * * LOW HITPOINT WARNING * * *
You block something's attack. Something bites you.
* * * LOW HITPOINT WARNING * * *
Something bites you!
* * * LOW HITPOINT WARNING * * *
Something bites you!
* * * LOW HITPOINT WARNING * * *
Something bites you but does no damage. x2; Something bites you!
* * * LOW HITPOINT WARNING * * *
You slash something! You freeze something. You slash the plant!
You freeze the plant. You slice something!! You freeze something.
You hit the plant. You freeze the plant.
There is a stone staircase leading up, spattered with blood here.
You feel a strong urge to attack something.
You are no longer berserk.
You are exhausted.
You feel yourself slow down. Something bites you but does no damage.
Something bites you!
You die...

...................#.#
...........<........###
......................#
..P#>...#.............###
####....#.#.......#^....#
#...#####.....#.#....
#...# #...[....# #....
#.#.....P## #...
####..@..# #
#...########....# ##
#.##....P#..###....#..##
.........................
..........(..............
.).........>.............
.#....P....#.#.....####.
##.....#####.....#.#
#...#.# #......##


There were no monsters in sight!

Vanquished Creatures
  A minotaur (Gauntlet)
  3 hydras
  A two-headed ogre (D:10)
  Urug (D:10)
  A fire crab (Gauntlet)
  4 lindwurms (Lair:2)
  A cyclops (D:11)
  A manticore (Lair:3)
  A centaur zombie (D:10)
  Joseph (Lair:1)
  A gargoyle (D:10)
  4 spiny frogs
  Maggie (Lair:2)
  3 blink frogs
  7 hippogriffs
  11 flying skulls (Gauntlet)
  A shadow (D:11)
  25 yaks
  A basilisk (Lair:1)
  2 fire bats (Gauntlet)
  4 hogs (D:7)
  A hungry ghost (D:6)
  A human (D:7)
  A steam dragon (Lair:3)
  A warg (D:10)
  5 water moccasins
  7 porcupines
  Duvessa (D:7)
  5 orc warriors
  4 sky beasts
  4 black bears
  A phantom (D:11)
  16 wolves
  9 ogres
  3 centaurs
  6 crocodiles
  A big kobold (D:11)
  13 bullfrogs
  3 gnoll sergeants (D:6)
  A wyvern zombie (D:11)
  Dowan (D:7)
  2 scorpions
  10 killer bees
  3 wights (D:7)
  2 howler monkeys
  2 electric eels (Lair:2)
  5 crimson imps
  2 lava snakes (D:8)
  3 quasits
  2 bullfrog zombies
  5 hounds
  4 orc priests
  2 gnoll shamans (D:6)
  2 jellies
  3 iguanas
  A bullfrog skeleton (D:8)
  Terence (D:2)
  9 orc wizards
  9 worker ants
  3 hound skeletons
  8 gnolls (D:6)
  13 adders
  A shadow imp (D:2)
  4 oozes
  An adder skeleton (D:7)
  A worm (D:4)
  A dart slug (D:3)
  10 leopard geckos
  35 orcs
  4 giant cockroaches
  9 goblins
  5 hobgoblins
  9 jackals
  9 kobolds
  3 quokkas
  2 ball pythons
  3 bats
  3 frilled lizards
  A leopard gecko zombie (D:7)
  5 rats
356 creatures vanquished.

Vanquished Creatures (collateral kills)
  An orc warrior (D:10)
1 creature vanquished.

Vanquished Creatures (others)
  An adder (D:10)
  6 fungi (Lair:3)
  2 plants (Lair:3)
9 creatures vanquished.

Grand Total: 366 creatures vanquished

Notes
Turn   | Place    | Note
-------+----------+-------------------------------------------
     0 | D:1      | Ezendos the Barachi Artificer began the quest for the Orb.
     0 | D:1      | Reached XP level 1. HP: 15/15 MP: 3/3
   232 | D:1      | Reached XP level 2. HP: 22/23 MP: 4/4
  1119 | D:2      | Reached XP level 3. HP: 29/29 MP: 5/5
  1346 | D:2      | Found a sparkling altar of Nemelex Xobeh.
  1432 | D:2      | Found a bloodstained altar of Trog.
  1458 | D:2      | Became a worshipper of Trog the Wrathful
  1587 | D:2      | Reached XP level 4. HP: 38/38 MP: 6/6
  2050 | D:3      | Reached skill level 1 in Armour
  2193 | D:3      | Found a glowing golden altar of the Shining One.
  2297 | D:3      | Noticed Terence
  2336 | D:3      | Noticed an ogre
  2363 | D:3      | Found a faded altar of an unknown god.
  2373 | D:3      | Reached * piety under Trog
  2446 | D:2      | Killed Terence
  2446 | D:2      | Reached skill level 5 in Fighting
  2446 | D:2      | Reached XP level 5. HP: 44/44 MP: 7/7
  2672 | D:3      | Reached XP level 6. HP: 48/51 MP: 8/8
  3466 | D:4      | Found Koileaq's Assorted Antiques.
  3479 | D:4      | Bought 2 dark potions for 30 gold pieces
  3479 | D:4      | Bought a scroll of identify for 34 gold pieces
  3479 | D:4      | Bought a scroll of identify for 34 gold pieces
  3761 | D:5      | Entered Level 5 of the Dungeon
  3771 | D:5      | Found a transporter.
  3866 | D:5      | Reached ** piety under Trog
  4367 | D:5      | Found a transporter.
  4450 | D:6      | Reached XP level 7. HP: 56/58 MP: 9/9
  4458 | D:6      | Found a hazy altar of Hepliaklqana.
  4891 | D:5      | Upgraded the game from 0.26-a0-70-g31f1466007 to
                  | 0.26-a0-72-g09a6a6ccbd
  5216 | D:6      | Reached skill level 5 in Dodging
  5216 | D:6      | Reached XP level 8. HP: 47/68 MP: 10/10
  5373 | D:6      | Reached skill level 5 in Armour
  5442 | D:6      | Found a basalt altar of Yredelemnul.
  5451 | D:6      | Found a bloodstained altar of Trog.
  5655 | D:6      | Found an ancient bone altar of Kikubaaqudgha.
  6536 | D:7      | Found a white marble altar of Elyvilon.
  6588 | D:7      | Reached skill level 1 in Shields
  6881 | D:6      | Reached skill level 2 in Shields
  7130 | D:7      | Reached XP level 9. HP: 77/77 MP: 11/11
  7218 | D:7      | Reached skill level 3 in Shields
  7453 | D:7      | Reached skill level 4 in Shields
  7457 | D:7      | Reached skill level 10 in Fighting
  7734 | D:7      | Noticed Dowan
  7735 | D:7      | Noticed Duvessa
  7755 | D:7      | Killed Dowan
  7806 | D:7      | Killed Duvessa
  7806 | D:7      | Reached *** piety under Trog
  7806 | D:7      | Reached skill level 5 in Shields
  7913 | D:7      | Reached skill level 6 in Shields
  7921 | D:7      | Reached skill level 7 in Shields
  8285 | D:7      | Found a staircase to the Ecumenical Temple.
  8532 | D:4      | Bought a crude scale mail for 153 gold pieces
  8543 | D:4      | Identified the +1 scale mail of the Guardian {rC+} (You
                  | bought it in a shop on level 4 of the Dungeon)
  8645 | D:8      | Reached skill level 8 in Shields
  9081 | D:7      | Reached XP level 10. HP: 34/85 MP: 12/12
  9306 | D:8      | Reached skill level 9 in Shields
  9967 | D:8      | Found a runed translucent door.
  9967 | D:8      | Noticed a wolf spider
  9967 | D:8      | Noticed a cyclops
  9967 | D:8      | Noticed an orc knight
  9969 | D:8      | Noticed a fire dragon
  9969 | D:8      | Identified the ring "Simy" {rC+ EV+4 Dex+3 Stlth+}
  9969 | D:8      | Noticed a salamander
 10501 | D:9      | Reached skill level 10 in Shields
 10765 | D:9      | Noticed an eight-headed hydra
 10787 | D:9      | Killed an eight-headed hydra
 10787 | D:9      | Reached skill level 11 in Shields
 11725 | D:10     | Entered Level 10 of the Dungeon
 11739 | D:10     | Noticed Urug
 12380 | D:9      | Reached **** piety under Trog
 12390 | D:10     | Reached skill level 5 in Evocations
 12720 | D:10     | Killed Urug
 12720 | D:10     | Reached skill level 12 in Shields
 12720 | D:10     | Reached XP level 11. HP: 90/90 MP: 15/15
 14944 | D:10     | Noticed a two-headed ogre
 14965 | D:10     | Killed a two-headed ogre
 15102 | D:10     | Reached skill level 13 in Shields
 15115 | D:10     | Found a staircase to the Orcish Mines.
 15861 | D:11     | Found a staircase to the Lair.
 16017 | D:11     | Noticed a cyclops
 16033 | D:11     | Killed a cyclops
 16326 | Lair:1   | Entered Level 1 of the Lair of Beasts
 16447 | Lair:1   | Reached ***** piety under Trog
 16580 | D:11     | Reached skill level 1 in Axes
 17792 | D:11     | Reached XP level 12. HP: 79/98 MP: 18/18
 17930 | Lair:1   | Noticed Joseph
 18162 | Lair:1   | Killed Joseph
 18979 | Lair:2   | Noticed an eight-headed hydra
 18989 | Lair:1   | Killed an eight-headed hydra
 18989 | Lair:1   | Reached skill level 5 in Axes
 18989 | Lair:1   | Reached skill level 14 in Shields
 18993 | Lair:2   | Noticed Maggie
 19487 | Lair:2   | Found a hole to the Spider Nest.
 19645 | Lair:2   | Noticed an eight-headed hydra
 19650 | Lair:2   | Killed an eight-headed hydra
 19832 | Lair:2   | Killed Maggie
 20466 | Lair:3   | Found a gate leading to a gauntlet.
 20495 | Gauntlet | Entered a Gauntlet
 20495 | Gauntlet | Found a transporter.
 20495 | Gauntlet | Found a transporter.
 20505 | Gauntlet | Found a transporter.
 20517 | Gauntlet | Found a transporter.
 20526 | Gauntlet | Noticed a tengu warrior
 20528 | Gauntlet | Found a transporter.
 20529 | Gauntlet | Found a transporter.
 20537 | Gauntlet | Found a transporter.
 20554 | Gauntlet | Noticed a catoblepas
 20557 | Gauntlet | Found a transporter.
 20575 | Gauntlet | Found a transporter.
 20579 | Gauntlet | Found a transporter.
 20588 | Gauntlet | Found a transporter.
 20591 | Gauntlet | Found a transporter.
 20816 | Gauntlet | Reached skill level 15 in Shields
 20833 | Gauntlet | Gained mutation: You can hop long distances. [Barachi
                  | growth]
 20833 | Gauntlet | Reached XP level 13. HP: 84/104 MP: 19/19
 20836 | Gauntlet | Got a coiled wooden ring
 21185 | Gauntlet | Identified the ring of the Jester {rElec rPois MR++} (You
                  | found it in a Gauntlet)
 21192 | Gauntlet | Identified the amulet of Mirth {rC- MR+ Regen+ Stlth+}
 21192 | Gauntlet | Noticed a minotaur
 21206 | Gauntlet | Killed a minotaur
 21216 | Gauntlet | Got a crystal morningstar
 21304 | Lair:3   | Reached skill level 10 in Axes
 21446 | Lair:3   | Found a staircase to the Shoals.
 21708 | Lair:3   | Identified the +2 morningstar "Grim Tooth" {holy, rF++
                  | Int+2 Dex+4} (You found it in a Gauntlet)
 22757 | Lair:4   | Found the macabre finger necklace {rN+}
 22843 | Lair:4   | Slain by a 12-headed hydra

Illustrated notes

Levels and vault maps discovered:
D:1:      ncdulo_wetmaze, layout_basic
D:2:      layout_basic, overflow_temple_1_default, trog_butcher_becter
D:3:      minmay_chambers_of_twos, layout_basic, nicolae_tso_swordbearing_angel,
          chequers_ecumenical_altar_simple, uniq_terence
D:4:      layout_gridville, serial_shops, nicolae_shop_overgrown_old_shop
D:5:      gammafunk_cloud_chamber, layout_basic, first_ration
D:6:      layout_cave_pools, kiku_gazebo_pond_becter,
          grunt_temple_overflow_open, serial_gnoll_camp, gnoll_camp_mini_hut,
          gnoll_camp_mini_house, gnoll_camp_medium_01, gnoll_camp_mini_hut
D:7:      layout_basic, elyvilon_altar_5, minmay_temple_entry_nine_rooms,
          grunt_livestock, chequers_jeans, hangedman_decor_growths,
          minmay_misc_feat_rows, hangedman_abyss_or_decor_stabs, uniq_duvessa
D:8:      minmay_gate_of_8, layout_loops_ring, small_chamber_with_monster,
          kennysheep_minor_cross
D:9:      layout_basic
D:10:     layout_loops_ring, erik_orc_3, uniq_urug
D:11:     layout_small_grid, lair_entry_dummy
D:12:     layout_basic
Lair:1:   layout_hall_layers, beast_lair_carwin_8, infiniplex_staircase_pool,
          uniq_joseph
Lair:2:   layout_cave_shapes, dummy_spider_entry, serial_bayou,
          serial_bayou_pond_c, serial_bayou_crossing, serial_bayou_ford_a,
          serial_bayou_lagoon_a, serial_bayou_pond_e, minmay_lindwurm_lava,
          minmay_lair_oklob_chamber, uniq_maggie
Lair:3:   layout_cave_pods, minmay_shoals_entry_beasts, gauntlet_entry_generic,
          grunt_megastairs_2
Lair:4:   layout_hall_layers, minmay_lair_oklob_items, uniq_josephine

Skill      XL: |  1  2  3  4  5  6  7  8  9 10 11 12 13 |
---------------+----------------------------------------+-----
Fighting       | 2 3 4 5 6 7 9 10 | 10.5
Armour         | 1 2 3 4 6 |  6.0
Dodging        | 3 4 5 6 |  6.0
Shields        | 2 8 12 13 15 | 15.0
Evocations     | 6 9 |  9.1
Axes           | 2 8 11 | 11.1
Short Blades   | |  1.1
Stealth        | |  0.8

Action                   |  1- 3 |  4- 6 |  7- 9 | 10-12 | 13-15 || total
-------------------------+-------+-------+-------+-------+-------++-------
Melee: Short sword       |    82 |   191 |   351 |   968 |       ||  1592
       Spear             |       |       |   102 |       |       ||   102
       Unarmed           |       |       |     7 |     4 |       ||    11
       Eveningstar       |       |       |       |   143 |       ||   143
       Broad axe         |       |       |       |   206 |   109 ||   315
       Rapier            |       |       |       |    15 |       ||    15
       War axe           |       |       |       |    23 |    10 ||    33
 Fire: Hunting sling     |       |    57 |    97 |       |       ||   154
       Fustibalus        |       |       |       |   112 |       ||   112
Throw: Stone             |     3 |       |     4 |       |       ||     7
       Dart              |       |       |       |    10 |       ||    10
Invok: Berserk           |       |     2 |     9 |    24 |     2 ||    37
       Trog's Hand       |       |       |     1 |     1 |     1 ||     3
 Abil: Hop               |     1 |     2 |     3 |     6 |     1 ||    13
Evoke: Wand              |     6 |     2 |     2 |    20 |     7 ||    37
  Use: Scroll            |     2 |    11 |     3 |    14 |     4 ||    34
       Potion            |       |       |       |     2 |     3 ||     5
 Stab: Paralysed         |       |       |       |    19 |       ||    19
  Eat: Chunk             |     3 |    11 |    19 |    46 |     5 ||    84
       Ration            |       |       |     4 |     5 |     2 ||    11
Armor: Ring mail         |    21 |    12 |       |       |       ||    33
       Chain mail        |       |    55 |   184 |   358 |    48 ||   645
       Skin              |       |       |       |       |    10 ||    10
Dodge: Dodged            |    48 |    79 |   132 |   291 |    48 ||   598
Block: Kite shield       |       |       |   136 |  1119 |   157 ||  1412
       Reflection        |       |       |       |    21 |       ||    21
       Other             |       |       |       |     1 |       ||     1

Table legend:
 A = Non-vault XP
 B = Vault XP
 C = Vault XP percentage of total XP
 D = Non-vault monster count
 E = Vault monster count
 F = Vault count percentage of total count
                 A         B        C        D         E       F
            +---------+---------+-------+---------+---------+-------
      Total |   25294 |   13919 |  35.5 |     269 |      88 |  24.6
            +---------+---------+-------+---------+---------+-------
        D:1 |      32 |       0 |   0.0 |      16 |       0 |   0.0
        D:2 |      68 |      45 |  39.8 |      12 |       5 |  29.4
        D:3 |     194 |     125 |  39.2 |      24 |       8 |  25.0
        D:4 |      51 |       0 |   0.0 |       5 |       0 |   0.0
        D:5 |     349 |      43 |  11.0 |       9 |       1 |  10.0
        D:6 |     531 |     495 |  48.2 |      11 |      15 |  57.7
        D:7 |     997 |    1433 |  59.0 |      29 |       8 |  21.6
        D:8 |     782 |       0 |   0.0 |      13 |       0 |   0.0
        D:9 |    3482 |       0 |   0.0 |      31 |       0 |   0.0
       D:10 |    4185 |    1340 |  24.3 |      32 |      16 |  33.3
       D:11 |    3540 |     614 |  14.8 |      30 |       5 |  14.3
       D:12 |     146 |       0 |   0.0 |       4 |       0 |   0.0
     Lair:1 |    4879 |     878 |  15.3 |      23 |       5 |  17.9
     Lair:2 |    2338 |    2924 |  55.6 |      12 |       5 |  29.4
     Lair:3 |    3720 |    1129 |  23.3 |      18 |       5 |  21.7
   Gauntlet |       0 |    4893 | 100.0 |       0 |      15 | 100.0
            +---------+---------+-------+---------+---------+-------
